[Event "Early-Titled-Tuesday-Blitz-January-16-2024"]
[Site "Chess.com"]
[Date "2024.01.16"]
[Round "1"]
[White "Gryffindorac8"]
[Black "chucksterf10"]
[Result "1/2-1/2"]
[WhiteElo "2352"]
[BlackElo "2665"]
[TimeControl "180+1"]
[EndTime "8:08:35 PST"]
[Termination "Game drawn by repetition"]

1. d4 d6 2. e4 Nf6 3. Nc3 e5 4. Nf3 Nbd7 5. Bc4 Be7 6. a4 a5 7. O-O h6 8. Re1 c6 9. h3 g5 10. Nh2 exd4 11. Qxd4 Ne5 12. Bb3 Be6 13. Be3 Bxb3 14.
cxb3 Qd7 15. Rad1 Qe6 16. Qb6 Nfd7 17. Qxb7 Rb8 18. Qa6 O-O 19. Qe2 Rxb3 20. Nf3 Nxf3+ 21. Qxf3 Rxb2 22. Bd4 Ne5 23. Qg3 Bf6 24. Nd5 Ra2 25. Nxf6+ Qxf6 26. Rc1 Rxa4 27. Bxe5 dxe5 28. Rc5 Re8 29.
Rec1 Rxe4 30. Rxc6 Qf4 31. Qxf4 exf4 32. Rxh6 Re1+ 33. Rxe1 Rxe1+ 34. Kh2 Re2 35. f3 a4 36. Ra6 Ra2 37. h4 gxh4 38. Kh3 a3 39. Kxh4 Kg7 40. Kg4 Rxg2+ 41. Kxf4 Ra2 42. Kf5 Ra1 43. f4 a2 44.
Ra7 Kg8 45. Kf6 Rf1 46. Rxa2 Rxf4+ 47. Kg5 Re4 48. Kf5 Re6 49. Ra4 Kg7 50. Kf4 Rh6 51. Kf3 Kg6 52. Ra6+ f6 53. Ra5 Rh8 54. Rb5 Ra8 55.
Rb3 Ra4 56. Rc3 Rb4 57. Ra3 Kg5 58. Rc3 Ra4 59. Rb3 Rf4+ 60. Kg3 Rg4+ 61. Kf3 Rh4 62. Kf2 Rh2+ 63. Kg3 Ra2 64. Rb4 Ra3+ 65. Kf2 f5 66. Kg2 Ra2+ 67. Kf3 Ra3+ 68. Kf2 Ra8 69. Rc4 Ra3 70.
Rb4 Kf6 71. Rc4 Ke5 72. Rb4 Rc3 73. Ra4 Rb3 74. Rc4 Kd5 75. Rf4 Ke6 76. Ra4 Rc3 77.
Rb4 Ke5 78. Ra4 Rb3 79. Rc4 Kf6 80. Ra4 Rb2+ 81. Kf3 Kg5 82. Rc4 Ra2 83. Rb4 Ra3+ 84. Kf2 1/2-1/2

[Event "Early-Titled-Tuesday-Blitz-January-16-2024"]
[Site "Chess.com"]
[Date "2024.01.16"]
[Round "1"]
[White "Aslanov_Umid"]
[Black "cycygogne"]
[Result "0-1"]
[WhiteElo "2601"]
[BlackElo "2290"]
[TimeControl "180+1"]
[EndTime "8:08:38 PST"]
[Termination "cycygogne won by resignation"]

1. e4 d5 2. Nf3 dxe4 3. Ng5 Nf6 4. Nc3 Bf5 5. Bc4 e6 6. O-O h6 7. Nh3 Bc5 8. Nf4 O-O 9. h3 Nc6 10. a4 Nb4 11. Bb3 Nfd5 12. Ncxd5 Nxd5 13. Ne2 Qf6 14. Bxd5 exd5 15. d4 exd3 16. cxd3 d4 17. Bf4 Bd6 18. Bg3 Rfe8 19. b4 Rad8 20. b5 c5 21. bxc6 bxc6 22. a5 c5 23. a6 Qg6 24. Bxd6 Rxd6 25. Kh2 Rxa6 26. Nf4 Qd6 27. Rxa6 Qxa6 28. Re1 Be6 29. Qc2 Qd6 30. g3 a5 31. Qa4 Ra8 32. Nxe6 fxe6 33.
Qc4 Qd5 34. Qa4 e5 35. f4 exf4 36. Re8+ Rxe8 37. Qxe8+ Kh7 38. gxf4 Qf3 39. Qe5 Qxd3 40. f5 Qd2+ 41. Kh1 Qc1+ 42. Kh2 Qe3 43. Qd6 Qf2+ 44. Kh1 Qxf5 45. h4 a4 46. Qa6 d3 47. Qxa4 d2 48.
Qd1 Qe4+ 49. Kh2 Qxh4+ 50. Kg2 Qg5+ 51. Kf2 c4 52. Qc2+ g6 53. Qxc4 Qf5+ 54. Ke2 Qe5+ 55.
Kxd2 h5 56. Qf7+ Kh6 57. Qf8+ Kg5 58. Qa3 h4 59. Qd3 Qf4+ 60. Ke1 Qg3+ 61. Qxg3+ hxg3 62. Kf1 Kg4 63. Kg2 Kh4 64. Kg1 Kh3 65. Kh1 g2+ 66.
Kg1 g5 67. Kf2 Kh2 68. Kf3 g1=Q 69. Ke4 Qf2 0-1

[Event "Early-Titled-Tuesday-Blitz-January-16-2024"]
[Site "Chess.com"]
[Date "2024.01.16"]
[Round "1"]
[White "Glaive_64"]
[Black "GP9isback23"]
[Result "1/2-1/2"]
[WhiteElo "2328"]
[BlackElo "2640"]
[TimeControl "180+1"]
[EndTime "8:08:41 PST"]
[Termination "Game drawn - insufficient material"]

1. Nf3 d5 2. g3 Bg4 3. Bg2 Bxf3 4. Bxf3 e6 5. O-O Nf6 6. d3 Be7 7. Nd2 O-O 8. e4 c6 9. Bg2 a5 10. h3 a4 11. a3 Na6 12. Re1 Qb6 13. Qe2 Rfe8 14.
Kh2 Nc7 15. f4 Nb5 16. c3 Nc7 17. Nf3 Na6 18. e5 Nd7 19. d4 c5 20. g4 Nf8 21.
Be3 Qc6 22. f5 f6 23. Kh1 Nc7 24. Rf1 Rad8 25. Rae1 Nd7 26. Bf4 fxe5 27. dxe5 Rf8 28. Ng5 Rde8 29. Qc2 Bxg5 30. Bxg5 exf5 31. Rxf5 Qe6 32. c4 dxc4 33. Bf4 b5 34. Rd1 g6 35. Rd6 Qe7 36. Bg5 Qg7 37. Rxf8+ Nxf8 38. Bf6 Qf7 39. Bc6 Re6 40. Qd2 Rxd6 41. Qxd6 h6 42. Bd7 Nce6 43. Bxb5 Nf4 44. Qxc5 Qb7+ 45. Bc6 Qxb2 46. Qxc4+ N8e6 47.
Bd5 Qb1+ 48. Kh2 Qb2+ 49. Kg1 Qb1+ 50. Kf2 Qb2+ 51. Kg3 Qb3+ 52. Qxb3 axb3 53. Bxb3 Kf8 54. Bxe6 Nxe6 55. Kf3 Ke8 56. Ke4 Kd7 57. Kd5 Nf4+ 58.
Ke4 Nxh3 59. Bg7 Nf2+ 60. Kf3 Nd3 61. Ke4 Nf2+ 62. Kf3 Nd3 63. a4 h5 64. gxh5 gxh5 65.
Bf6 Nc5 66. a5 Ke6 67. Kf4 Nd3+ 68. Ke4 Nb4 69. Kd4 Nc6+ 70. Kc5 Nxa5 71. Kd4 Nc6+ 72.
Ke4 h4 73. Bxh4 Nxe5 1/2-1/2

[Event "Early-Titled-Tuesday-Blitz-January-16-2024"]
[Site "Chess.com"]
[Date "2024.01.16"]
[Round "1"]
[White "tusplingher"]
[Black "VladimirKramnik"]
[Result "0-1"]
[WhiteElo "2507"]
[BlackElo "2948"]
[TimeControl "180+1"]
[EndTime "8:08:42 PST"]
[Termination "VladimirKramnik won by resignation"]

1. e4 c5 2. Nf3 d6 3. Bb5+ Nd7 4. d4 cxd4 5. Qxd4 a6 6. Bxd7+ Bxd7 7. c4 Nf6 8. Nc3 g6 9. O-O Bg7 10. Qd3 O-O 11.
h3 Rc8 12. Be3 Qc7 13. Nd2 b5 14. cxb5 axb5 15. Nxb5 Qc2 16. Qxc2 Rxc2 17. a4 Rxb2 18. Rfb1 Rxb1+ 19. Rxb1 Rb8 20. f3 Ne8 21. Nc4 Nc7 22. Ba7 Rb7 23. Na5 Nxb5 24. Nxb7 Nxa7 25. a5 Bd4+ 26.
Kh1 Nb5 27. a6 f5 28. exf5 gxf5 29. Na5 Kf7 30. Rc1 Be3 31. Rc4 Bb6 32. Nb3 e5 33. Rb4 Ke6 34. Kh2 d5 35. Nd2 Bc5 36. Ra4 Be3 37.
Nf1 Ba7 38. Rh4 d4 39. Rh6+ Kd5 40. Rxh7 Kc6 41. Rh6+ Nd6 42. Nd2 Kd5 43. h4 e4 44.
fxe4+ fxe4 45. Rh5+ Kc6 46. Rh6 Kd5 47. Rh5+ Ke6 48.
Rh6+ Ke5 49. Rh5+ Kf4 50. Nf1 e3 51. g3+ Ke4 52. Kg2 e2 53. Nd2+ Kd3 54. Nf3 Bc6 55.
Re5 Bxf3+ 56. Kxf3 Kc4 57. Rxe2 d3 58. Re6 Nb5 59.
Rc6+ Kd5 60. Rc8 Kd4 61. Rd8+ Kc3 62. h5 Nd4+ 63. Kg2 d2 64. h6 d1=Q 65. h7 Qe2+ 66.
Kh3 Qh5+ 67. Kg2 Qxh7 68. Rc8+ Kd3 0-1

[Event "Early-Titled-Tuesday-Blitz-January-16-2024"]
[Site "Chess.com"]
[Date "2024.01.16"]
[Round "1"]
[White "K_A_S_T_O_R"]
[Black "Mistango"]
[Result "1-0"]
[WhiteElo "2914"]
[BlackElo "2490"]
[TimeControl "180+1"]
[EndTime "8:08:43 PST"]
[Termination "K_A_S_T_O_R won on time"]

1. e4 e5 2. Nf3 Nc6 3. Bb5 Nf6 4. d3 Ne7 5. O-O c6 6. Ba4 Ng6 7. c3 Be7 8. Re1 O-O 9. Nbd2 d6 10. Nf1 Nd7 11. Ng3 Nc5 12. Bc2 Ne6 13. Nf5 Bf6 14. d4 Qc7 15. g3 Bd7 16. d5 Nc5 17. dxc6 Bxc6 18. Qxd6 Qxd6 19. Nxd6 Rfd8 20. Nf5 Nd3 21. Re3 Nxc1 22. Rxc1 Rd7 23. Rd3 Rad8 24. Rxd7 Rxd7 25. Ne3 Nf8 26. Ng4 Ne6 27. Ngxe5 Bxe5 28. Nxe5 Rd2 29. Nf3 Rd8 30. Re1 g5 31. h3 h6 32. Re2 Kg7 33.
Rd2 Re8 34. Nd4 Kf6 35. Nxe6 Kxe6 36. f4 f6 37. Kf2 a5 38. a3 Ke7 39. Re2 Bd7 40.
h4 gxh4 41. gxh4 Rg8 42. f5 Rg4 43. Kf3 Rxh4 44. e5 Rh5 45. Kg4 Rg5+ 46. Kf4 Rg1 47. e6 Be8 48. Rh2 h5 49. Be4 b6 50. Bf3 Rf1 51. Ke3 Re1+ 52. Kd4 Re5 53. Be4 Rc5 54. b4 Rc8 55. bxa5 Rd8+ 56. Bd5 bxa5 57. Rb2 Rc8 58. Rb7+ Kd6 59. c4 h4 60. Rh7 Rc5 61. Rxh4 Bc6 62. Rh7 Bxd5 63. Rd7+ Kc6 64. cxd5+ Kb6 65. Rb7+ Kxb7 66.
Kxc5 Kc7 67. d6+ Kd8 68. Kb5 1-0

[Event "Early-Titled-Tuesday-Blitz-January-16-2024"]
[Site "Chess.com"]
[Date "2024.01.16"]
[Round "1"]
[White "spotbet"]
[Black "FMVolodymyrSakun"]
[Result "1-0"]
[WhiteElo "2263"]
[BlackElo "2592"]
[TimeControl "180+1"]
[EndTime "8:08:45 PST"]
[Termination "spotbet won on time"]

1. e4 g6 2. d4 Bg7 3. f3 d5 4. e5 c5 5. f4 Nc6 6. Nf3 Bg4 7.
Bb5 e6 8. O-O Ne7 9. c3 a6 10.
Be2 cxd4 11. Nxd4 Bxe2 12. Nxe2 Nf5 13. Qb3 b5 14. Nd2 Qb6+ 15. Kh1 Ne3 16. Re1 Ng4 17. h3 Nf2+ 18. Kh2 g5 19. Nf3 Nd3 20. Rd1 Nxc1 21. Raxc1 gxf4 22. Nxf4 Nxe5 23. Nd4 Nc4 24. Re1 O-O 25.
Nh5 Be5+ 26. Rxe5 Nxe5 27. Nf6+ Kg7 28. Rf1 Ng6 29. Qd1 Qd6+ 30. Kh1 Qe5 31. Nc6 Qg5 32.
Qd4 e5 33. Qxd5 Rac8 34. Ne4 Qh5 35. Ng3 Qg5 36. Nf5+ Kh8 37. Nxe5 Qf6 38. Nd7 Qe6 39. Qd4+ f6 40. Nxf8 Rxf8 41. Qe3 Qxe3 42. Nxe3 Ne5 43.
Nd5 Kg7 44. Kh2 Nc4 45. b3 Nd2 46. Rf4 f5 47. Ne7 Ne4 48. Rxf5 Rxf5 49. Nxf5+ Kf6 50. Ne3 Nxc3 51. a3 Nb1 52. a4 Nd2 53. axb5 axb5 54.
Nd5+ Ke5 55. Nc7 Nxb3 56. Nxb5 Nd2 57. Nc3 Kf5 58. Ne2 h5 59. Ng3+ Kg5 60. Ne2 Ne4 61. g3 Nf6 62. h4+ Kg4 63. Nc3 Nd7 64. Ne4 Kf3 65.
Ng5+ Kg4 66. Kg2 Ne5 67. Ne4 Nd7 68. Nf2+ Kf5 69. Kh3 Ne5 70. Nd1 Nf3 71. Ne3+ Ke4 72. Ng2 Kf5 73. Nf4 Ng5+ 74. hxg5 Kxg5 75. Ng2 Kg6 76.
Nh4+ Kg5 77. Kg2 Kg4 78. Kf2 Kh3 79. Kf3 Kh2 80. Kf4 Kh3 81. Nf5 Kg2 82. Kg5 Kf3 83. Kxh5 Ke4 84. g4 Ke5 85. Kg6 Kf4 86. g5 1-0

[Event "Early-Titled-Tuesday-Blitz-January-16-2024"]
[Site "Chess.com"]
[Date "2024.01.16"]
[Round "1"]
[White "Manukyan_Artak"]
[Black "MagnusCarlsen"]
[Result "1/2-1/2"]
[WhiteElo "2555"]
[BlackElo "3319"]
[TimeControl "180+1"]
[EndTime "8:08:48 PST"]
[Termination "Game drawn - insufficient material"]

1. e4 c5 2. Nf3 d6 3. Bb5+ Bd7 4.
Bxd7+ Qxd7 5. c4 e5 6. Nc3 Nc6 7. d3 Be7 8. Nd5 Bd8 9. O-O Nge7 10. Rb1 O-O 11. a3 a5 12. Bd2 a4 13. Nc3 f5 14.
Re1 Nd4 15. Nxd4 cxd4 16. Nd5 Nxd5 17. cxd5 fxe4 18. dxe4 Ba5 19. f3 Rfc8 20. Rc1 Rxc1 21. Qxc1 Rc8 22. Qd1 Bxd2 23. Qxd2 Qb5 24. Rc1 Rc4 25.
Kf2 h6 26. h4 Qc5 27. Rxc4 Qxc4 28. Qb4 Qxb4 29. axb4 g5 30. h5 Kf7 31. Ke2 Ke7 32. Kd3 Kd7 33. Kc4 Kc7 34. g3 Kd8 35. f4 exf4 36.
gxf4 gxf4 37. Kxd4 Ke7 38. b5 Kf6 39. b6 Kg5 40. e5 dxe5+ 41. Kxe5 f3 42. d6 f2 43. d7 f1=Q 44. d8=Q+ Kxh5 45. Qe8+ Kh4 46. Qe7+ Kg3 47. Qxb7 Qb5+ 48. Kd6 Qxb2 49. Qc7 a3 50. b7 a2 51. b8=Q Qxb8 52. Qxb8 a1=Q 53. Ke6+ Kg2 54. Qb7+ Kf2 55. Qb6+ Kf3 56. Qb3+ Kf4 57. Qc4+ Ke3 58. Qc5+ Kd3 59. Qf5+ Kc4 60. Kf7 Qh8 61. Kg6 h5 62. Qxh5 Qe8+ 63. Kg5 Qe3+ 64. Kh4 Qf2+ 65. Kg5 Qd2+ 66. Kg6 Qg2+ 67. Kh6 Kd4 68. Qg5 Qh2+ 69.
Kg6 Qc2+ 70. Kh5 Qh7+ 71. Qh6 Qf7+ 72. Qg6 Qd5+ 73. Qg5 Qa2 74. Qg4+ Ke5 75. Kh4 Qd5 76. Qg5+ Kd6 77. Qxd5+ Kxd5 1/2-1/2

[Event "Early-Titled-Tuesday-Blitz-January-16-2024"]
[Site "Chess.com"]
[Date "2024.01.16"]
[Round "1"]
[White "AttilaTurzo"]
[Black "Yaacovn"]
[Result "0-1"]
[WhiteElo "2480"]
[BlackElo "2883"]
[TimeControl "180+1"]
[EndTime "8:08:50 PST"]
[Termination "Yaacovn won on time"]

1. d4 Nf6 2. Bf4 e6 3. e3 Bd6 4.
Bxd6 cxd6 5. c4 d5 6. Nc3 dxc4 7. Bxc4 O-O 8. Nf3 b6 9. e4 Bb7 10. e5 Ne4 11. Nxe4 Bxe4 12. Qe2 d5 13. Bd3 Bxf3 14. Qxf3 Nc6 15. Qe3 Qh4 16. O-O Qxd4 17. Qxd4 Nxd4 18. Rfc1 Rfc8 19. Ba6 Rc5 20. b4 Rc2 21. Rxc2 Nxc2 22. Rb1 g5 23. Kf1 Kg7 24. Ke2 Nd4+ 25. Ke3 Nc6 26. Bb7 Rh8 27. Bxc6 h5 28. f3 Kg6 29. Bb5 Kf5 30. Kd4 Kf4 31. Be2 h4 32.
Rg1 g4 33. fxg4 Rc8 34. Rf1+ Kg5 35. Bd3 Rc7 36. h3 a5 37. bxa5 bxa5 38. a4 Kh6 39. Rb1 Kg5 40. Rb2 Rc1 41. Rb5 Rg1 42. Rxa5 Rxg2 43. Rb5 Ra2 44. Rb4 Kf4 45. Bb5 Ra3 46. Kc5+ Kg3 47. Kb6 Kxh3 48. a5 Kg2 49. Ba4 h3 50. a6 h2 51. Rb2+ Kg3 52. Rb3+ Rxb3+ 53. Bxb3 h1=Q 54. a7 Qb1 55. a8=Q Qxb3+ 56. Kc7 Qf3 57. Kd7 Qxg4 58. Qa1 Qf3 59. Qd4 Qf5 60. Ke7 Kf3 61. Kd6 Qe4 62. Qd1+ Kf4 63. Qf1+ Qf3 64. Qc1+ Ke4 65.
Qc2+ Kf4 66. Qd2+ Kg4 67. Qd4+ Kf5 68. Qh4 Qe4 69. Qf6+ Kg4 70. Qxf7 d4 71. Qxe6+ Kf4 72. Qf6+ Ke3 73. e6 d3 74. e7 d2 0-1

[Event "Early-Titled-Tuesday-Blitz-January-16-2024"]
[Site "Chess.com"]
[Date "2024.01.16"]
[Round "1"]
[White "SergioMoralesG"]
[Black "vasblesk"]
[Result "1/2-1/2"]
[WhiteElo "2438"]
[BlackElo "2787"]
[TimeControl "180+1"]
[EndTime "8:08:53 PST"]
[Termination "Game drawn by repetition"]

1. d4 d5 2. c4 c6 3. Nf3 Nf6 4. Nc3 e6 5. Bg5 Nbd7 6. e3 Qa5 7. Nd2 dxc4 8. Bxf6 Nxf6 9. Nxc4 Qc7 10. g3 Bd6 11.
Nxd6+ Qxd6 12. Bg2 e5 13. d5 cxd5 14. Nxd5 Nxd5 15. Qxd5 Qb4+ 16. Qd2 Qb5 17. Qd6 Be6 18.
a4 Qxb2 19. O-O Rd8 20. Qc5 Qb6 21. Qxe5 O-O 22. Rfb1 Qa6 23. Rxb7 Qe2 24. h4 a6 25. Rab1 Rd1+ 26. Rxd1 Qxd1+ 27. Kh2 Qxa4 28. Qc5 Qc4 29. Qb6 g6 30. Ra7 Qe2 31. e4 Bc4 32. Qc5 Bb5 33. e5 Qc4 34. Qxc4 Bxc4 35. Bb7 Re8 36. Bxa6 Bxa6 37. Rxa6 Rxe5 38. Kg2 Kg7 39. Ra8 Rc5 40. Ra3 Rc2 41. Re3 h6 42. Rf3 g5 43. Re3 g4 44.
Re4 f5 45. Rf4 Kf6 46. Rb4 h5 47. Rb6+ Kf7 48. Rb5 Kg6 49. Ra5 Rc6 50. Rb5 Re6 51. Ra5 Rf6 52. Rb5 f4 53. Rg5+ Kh6 54. gxf4 Rxf4 55. Rc5 Rf3 56. Rc6+ Kg7 57. Rc5 Kg6 58.
Rc6+ Rf6 59. Rc5 Rf5 60. Rc6+ Kg7 61. Rc7+ Kf6 62. Rc6+ Ke5 63. Ra6 Ke4 64. Ra4+ Ke5 65. Ra5+ Ke6 66. Ra6+ Kd7 67. Ra7+ Ke8 68. Ra6 Kf7 69.
Ra7+ Kg8 70. Ra6 Kh7 71. Ra7+ Kh6 72. Ra6+ Kg7 73. Ra7+ Rf7 74. Ra6 Rf6 75. Ra5 Kg6 76.
Rb5 Kh6 77. Ra5 Rc6 78. Rb5 Ra6 79. Rc5 Rb6 80. Rd5 Rc6 81. Ra5 Rd6 82. Rb5 Rd3 83. Rb6+ Kg7 84. Rb5 Kg6 85. Rb6+ Kg7 86. Rb5 Kg6 87.
Rb6+ Kh7 88. Rb5 Kh6 89. Rb6+ Kg7 1/2-1/2

[Event "Early-Titled-Tuesday-Blitz-January-16-2024"]
[Site "Chess.com"]
[Date "2024.01.16"]
[Round "1"]
[White "NowInChess"]
[Black "GiorgianBarbosa"]
[Result "1-0"]
[WhiteElo "2289"]
[BlackElo "2599"]
[TimeControl "180+1"]
[EndTime "8:08:53 PST"]
[Termination "NowInChess won by resignation"]

1. e4 c5 2. d3 g6 3. g3 Bg7 4. Bg2 Nc6 5. f4 e6 6. Nf3 Nge7 7. O-O O-O 8. c3 Rb8 9. Be3 d6 10. d4 cxd4 11. cxd4 d5 12. e5 b6 13. Nc3 Ba6 14. Re1 Rc8 15. Rc1 Nb4 16. Qa4 Nec6 17. a3 b5 18. Qd1 Qe7 19. axb4 Qxb4 20. Qd2 Na5 21. Nxd5 Qa4 22. Ne7+ Kh8 23. Nxc8 Nb3 24. Qc2 Bxc8 25.
Qxc8 Rxc8 26. Rxc8+ Bf8 27. Rxf8+ Kg7 28. Rc8 Na5 29. Ng5 Nc4 30. Ne4 Qc2 31. Nd6 Qxb2 32.
Nxc4 bxc4 33. Rxc4 a5 34. Bf2 Qb3 35. Rec1 a4 36.
R4c3 Qb4 37. R3c2 Qb3 38. Re2 h5 39. Ra1 h4 40. Rea2 Qd3 41. Rxa4 Qf5 42. R4a2 h3 43.
Bf3 Qd3 44. Be2 Qe4 45. Bf1 g5 46. Bxh3 gxf4 47. gxf4 Qxf4 48. Bf1 Qg4+ 49. Bg3 Qe4 50. Bg2 Qe3+ 51. Bf2 Qf4 52. Ra7 Kg6 53. Rd7 f5 54. Raa7 Qc1+ 55. Bf1 Qg5+ 56. Kh1 Qf4 57. Rg7+ Kh5 58.
Rh7+ Kg4 59. Rag7+ Kf3 60. Bg3 Qe4 61. Bg2+ Ke3 62.
Bxe4 fxe4 63. Rd7 Kf3 64. Rh4 e3 65. Rf4+ Ke2 66. Rf6 Kd3 67. Rxe6 e2 68. Rf6 Kd2 69. Bf2 Kd1 70. Rf5 Kd2 71. e6 Kd3 72. e7 Ke4 73. Be1 Kxf5 74. e8=Q Kf4 75. Rf7+ 1-0

[Event "Early-Titled-Tuesday-Blitz-January-16-2024"]
[Site "Chess.com"]
[Date "2024.01.16"]
[Round "1"]
[White "otrov-11"]
[Black "GMSrinath"]
[Result "1/2-1/2"]
[WhiteElo "2466"]
[BlackElo "2822"]
[TimeControl "180+1"]
[EndTime "8:08:55 PST"]
[Termination "Game drawn by repetition"]

1. d4 f5 2. c4 Nf6 3. g3 g6 4.
Bg2 Bg7 5. Nf3 O-O 6. O-O d6 7. Nc3 Nc6 8. Qc2 e5 9. dxe5 Nxe5 10. b3 Qe7 11. Bb2 Nxf3+ 12. Bxf3 f4 13. Nd5 Nxd5 14. Bxd5+ Kh8 15. Bxg7+ Qxg7 16. Bg2 Rb8 17. Rad1 Bf5 18. Qc1 fxg3 19. hxg3 b6 20. Rfe1 Rbe8 21. Rd2 Re5 22. e3 a5 23. Rd4 h5 24. Qd2 Qf6 25. Rh4 Kg7 26. Rd4 Be6 27. a3 Rc5 28. Rc1 g5 29. b4 Rf5 30. f4 axb4 31. axb4 Qh6 32. e4 R5f7 33. f5 Bd7 34. c5 bxc5 35. bxc5 d5 36. Rxd5 Bc6 37. Re5 Qf6 38. Re6 Qd8 39. Qxd8 Rxd8 40. Rxc6 Rd2 41. Rg6+ Kh7 42. Rxg5 Rfd7 43.
Rxh5+ Kg7 44. Rg5+ Kf6 45. Rg6+ Ke5 46. Re6+ Kd4 47.
c6 Rg7 48. Rg6 Rf7 49. f6 Ke5 50. Rf1 Rd6 51. Rf5+ Ke6 52. Rf4 Rxc6 53. Rg7 Rc1+ 54. Kh2 Rxf6 55. Rxf6+ Kxf6 56. Rd7 c5 57. Rc7 Ke5 58.
Kh3 c4 59. Kg4 c3 60. Bf3 Kd4 61. Kf4 Re1 62. Rd7+ Kc4 63. Rc7+ Kd3 64. e5 c2 65. Kf5 Rf1 66. Kf4 Re1 67. Rd7+ Kc3 68. Rc7+ Kd3 1/2-1/2

[Event "Early-Titled-Tuesday-Blitz-January-16-2024"]
[Site "Chess.com"]
[Date "2024.01.16"]
[Round "1"]
[White "Ural_bogatyr"]
[Black "NM_Antelacus"]
[Result "1/2-1/2"]
[WhiteElo "2564"]
[BlackElo "2134"]
[TimeControl "180+1"]
[EndTime "8:08:55 PST"]
[Termination "Game drawn - insufficient material"]

1. d4 Nf6 2. Nc3 d5 3. Bf4 c6 4. e3 Bf5 5. f3 h6 6. g4 Bh7 7. h4 e6 8. Bd3 Bxd3 9. Qxd3 Qb6 10. Nge2 Nbd7 11. O-O-O Be7 12. e4 O-O-O 13. Ng3 g6 14. Qe3 h5 15. g5 Ne8 16. Rd3 Nd6 17. Na4 Qa5 18. b3 b5 19. Nc3 Kb7 20. a4 b4 21. Na2 Qb6 22. Kb2 Rhe8 23. Rhd1 a5 24.
R3d2 Nc8 25. Rc1 Bd6 26. Bxd6 Nxd6 27. e5 Nf5 28. Nxf5 exf5 29. c3 Nf8 30. cxb4 axb4 31. Rdc2 Rc8 32. Qd2 Ne6 33. Qxb4 Qxb4 34. Nxb4 Nxd4 35.
Rc5 Nxf3 36. Nxc6 Nxe5 37. Na5+ Kb8 38. Rb5+ Ka8 39. Rxd5 Rxc1 40. Kxc1 Kb8 41. b4 Kc7 42. Kb2 Nf3 43. b5 Nxh4 44. Nc4 f4 45. Rd4 Ng2 46.
Nd2 h4 47. a5 h3 48. b6+ Kc6 49. Nf3 Re2+ 50. Kc1 Rf2 51. Nh2 Ne3 52. Rd2 Rg2 53. Nf3 Nc4 54. Rd4 Nxa5 55. Rxf4 Kxb6 56. Rh4 Rg3 57. Ne5 Nc6 58. Nxf7 Nd4 59. Ne5 Nf3 60. Nxf3 Rxf3 61. Kd2 Rg3 62. Ke2 Kc5 63. Kf2 Ra3 64. Re4 Kd5 65. Re8 Rb3 66. Kg1 Rb2 67. Kh1 Kd6 68.
Re4 Kd5 69. Re7 h2 70. Re8 Kd6 71. Rg8 Ke5 72. Rxg6 Kf5 73. Rg8 Rb6 74. Kxh2 Rg6 75. Rxg6 Kxg6 76. Kg3 Kxg5 1/2-1/2

[Event "Early-Titled-Tuesday-Blitz-January-16-2024"]
[Site "Chess.com"]
[Date "2024.01.16"]
[Round "1"]
[White "Sebastian"]
[Black "HiHaruka"]
[Result "0-1"]
[WhiteElo "2974"]
[BlackElo "2529"]
[TimeControl "180+1"]
[EndTime "8:09:09 PST"]
[Termination "HiHaruka won by checkmate"]

1. e4 e6 2. d4 d5 3. Nc3 dxe4 4.
Nxe4 Bd7 5. Nf3 Bc6 6. Bd3 Nd7 7. O-O Ngf6 8. Ned2 Bxf3 9. Nxf3 Be7 10. Qe2 O-O 11.
b3 c6 12. Bb2 Qb6 13. Rad1 Rfd8 14. c4 Nf8 15. h4 Ng6 16. g3 Qa5 17. a3 Qb6 18. Bc2 Rd7 19. Ne5 Rdd8 20. Nxg6 hxg6 21.
Rfe1 Rd7 22. Rd3 Rad8 23. Red1 Qa5 24. Qe5 Qxe5 25. dxe5 Rxd3 26. Rxd3 Rxd3 27. Bxd3 Nd7 28. b4 Bd8 29. f4 Bc7 30. Kg2 Kf8 31. Kf3 Ke7 32. Bd4 Bb6 33. Bc3 c5 34. b5 Bd8 35.
a4 b6 36. Be4 Nf8 37. Bd2 Kd7 38. Be3 f5 39. exf6 gxf6 40. a5 f5 41. Bc6+ Kd6 42. a6 Bf6 43. Kg2 e5 44. fxe5+ Bxe5 45. Kf3 Ne6 46. Bd5 Nc7 47. Kg2 Nxd5 48. cxd5 Kxd5 49.
Kf3 c4 50. Ke2 Bc7 51. Kd2 Ke4 52. Bg1 Kd5 53. Kc3 Be5+ 54. Kc2 Bd4 55. Bh2 Kc5 56. g4 fxg4 57. Bb8 Kxb5 58. Bxa7 Kxa6 59. Bb8 Kb5 60.
Bg3 Kc5 61. Kd2 b5 62. Kc2 b4 63. Kb1 b3 64. h5 gxh5 65. Be1 c3 66. Kc1 c2 67. Bd2 Kc4 68. Bc3 Be3+ 69. Bd2 Bxd2+ 70. Kxd2 Kb4 71. Kc1 h4 72. Kb2 h3 73. Kc1 h2 74.
Kb2 g3 75. Ka1 h1=Q+ 76. Kb2 Qb1# 0-1

[Event "Early-Titled-Tuesday-Blitz-January-16-2024"]
[Site "Chess.com"]
[Date "2024.01.16"]
[Round "1"]
[White "CristianS27"]
[Black "Pastore1978"]
[Result "1-0"]
[WhiteElo "2611"]
[BlackElo "2259"]
[TimeControl "180+1"]
[EndTime "8:09:10 PST"]
[Termination "CristianS27 won on time"]

1. e4 e6 2. d4 d5 3. Nd2 c5 4.
Ngf3 cxd4 5. Nxd4 Nc6 6. Bb5 Bd7 7. Nxc6 Bxc6 8. Bxc6+ bxc6 9. O-O Nf6 10. Qe2 Be7 11.
c4 O-O 12. b3 Nxe4 13. Nxe4 dxe4 14. Qxe4 Bf6 15. Rb1 c5 16. Be3 Bd4 17. Rbd1 e5 18.
Bxd4 exd4 19. b4 Re8 20. Qd5 Qxd5 21. cxd5 Rad8 22. bxc5 Rxd5 23. Rfe1 Rxe1+ 24. Rxe1 Kf8 25. Rc1 d3 26. Kf1 d2 27. Rd1 Rxc5 28. Rxd2 Ke7 29. Ke2 Ke6 30. Rb2 Ra5 31. h4 h5 32. g3 g6 33. Rc2 Ra3 34. Rb2 Kf6 35. Kd2 Ke6 36. Kc2 Rf3 37. Kb1 Ra3 38. Re2+ Kf6 39. Kb2 Ra6 40.
a3 Rb6+ 41. Kc3 a5 42. Kc4 a4 43. Re3 Rb2 44. Rf3+ Kg7 45. Re3 Kf6 46. Rf3+ Kg7 47.
Rd3 Kf6 48. Rd6+ Ke7 49. Ra6 Rxf2 50. Rxa4 Rf3 51. Ra7+ Ke6 52. a4 Rxg3 53. a5 Rg4+ 54. Kb5 Rxh4 55. a6 Rh1 56. Ra8 Rb1+ 57. Kc6 Kf6 58. Rh8 Rc1+ 59. Kb7 Rb1+ 60. Kc7 Rc1+ 61. Kb7 Rb1+ 62. Ka8 Kg5 63. a7 h4 64. Rb8 Ra1 65.
Kb7 Rb1+ 66. Kc6 Ra1 67. a8=Q Rxa8 68. Rxa8 h3 69. Kd5 Kg4 70. Ke4 Kg3 71. Ra3+ Kg2 72. Kf4 h2 73. Ra2+ Kg1 74. Kg3 1-0

[Event "Early-Titled-Tuesday-Blitz-January-16-2024"]
[Site "Chess.com"]
[Date "2024.01.16"]
[Round "1"]
[White "jk13"]
[Black "GodDMuhammad"]
[Result "1/2-1/2"]
[WhiteElo "2667"]
[BlackElo "2354"]
[TimeControl "180+1"]
[EndTime "8:09:21 PST"]
[Termination "Game drawn - insufficient material"]

1. e4 e5 2. Nf3 f5 3. d4 fxe4 4. Nxe5 Nf6 5. Nc3 Bb4 6. Bg5 d6 7. Nc4 d5 8. Ne3 c6 9. Be2 O-O 10. O-O Be6 11. f3 exf3 12. Bxf3 Nbd7 13. Qd3 Qc7 14.
Rae1 Rae8 15. Bh4 Bd6 16. h3 Bg3 17. Bxg3 Qxg3 18. Ne2 Qg5 19. Kh2 Bxh3 20. Nxd5 cxd5 21. gxh3 Ne4 22. Bxe4 Rxe4 23. Rxf8+ Nxf8 24. Rg1 Qe7 25. Nc3 Re3 26. Qf5 Qd6+ 27. Kh1 h6 28. Qxd5+ Qxd5+ 29. Nxd5 Rxh3+ 30. Kg2 Rh5 31. c4 Rg5+ 32. Kf2 Rxg1 33. Kxg1 Ne6 34. Ne7+ Kf7 35. Nc8 Nxd4 36. Nxa7 Ke6 37.
Kg2 Kd6 38. b4 Nc2 39. Nb5+ Ke5 40. a3 g5 41. Kf3 h5 42. c5 g4+ 43. Kg3 Kf6 44. Nd6 Nxa3 45. Nxb7 Nc2 46. b5 Kg5 47. c6 h4+ 48. Kf2 g3+ 49. Kf3 Ne1+ 50. Ke2 g2 51. Kf2 h3 52. c7 h2 53. c8=Q g1=Q+ 54. Ke2 h1=Q 55. Qg8+ Kf6 56. Qf8+ Kg6 57. Qg8+ Kf6 58. Qf8+ Ke5 59. Qd6+ Ke4 60. Nc5+ Qxc5 61. Qxc5 Nf3 62. Qc6+ Kf4 63. Qf6+ Kg3 64. Qg6+ Kf4 65. Qf6+ Kg4 66. Qe6+ Kg5 67. Qd5+ Kf4 68. Qc4+ Kg3 69. Qc7+ Kg2 70. Qg7+ Kh3 71. Qh7+ Nh4 72. Qd7+ Kh2 73. Qd6+ Kh3 74. Qe6+ Kg3 75. Qe5+ Kg4 76. Qe6+ Nf5 77. Qg6+ Kf4 78. Qc6 Qh2+ 79. Kd3 Qg3+ 80. Kc4 Qe1 81. Qc7+ Kf3 82.
b6 Qc1+ 83. Kd5 Ne3+ 84. Ke6 Qb2 85. b7 Qb3+ 86. Kd7 Nd5 87. Qc6 Kf4 88. Kd6 Nf6 89.
Kc7 Qf7+ 90. Kb6 Nd7+ 91. Ka7 Qe7 92. Qc7+ Kf5 93. b8=Q Qa3+ 94. Kb7 Qb4+ 95. Kc8 Nxb8 96. Qxb8 Qxb8+ 97. Kxb8 1/2-1/2

[Event "Early-Titled-Tuesday-Blitz-January-16-2024"]
[Site "Chess.com"]
[Date "2024.01.16"]
[Round "1"]
[White "koncheto"]
[Black "LeoWin2012"]
[Result "1/2-1/2"]
[WhiteElo "2591"]
[BlackElo "2228"]
[TimeControl "180+1"]
[EndTime "8:09:27 PST"]
[Termination "Game drawn by repetition"]

1. e4 e5 2. Nf3 Nf6 3. Nxe5 d6 4. Nf3 Nxe4 5. d4 d5 6. Bd3 Bf5 7. O-O Bd6 8. Re1 O-O 9. c4 c6 10. Nc3 Nxc3 11. bxc3 Bxd3 12. Qxd3 dxc4 13. Qxc4 Nd7 14. a4 Nb6 15. Qb3 Qc7 16. h3 Rae8 17. Bd2 c5 18. a5 Nd7 19. d5 c4 20. Qa4 Ne5 21. Nxe5 Bxe5 22. f4 Bxf4 23. Rxe8 Bxd2 24. Ra2 Qc5+ 25.
Kh1 Bxc3 26. Rae2 g6 27. Rxf8+ Kxf8 28. Qe8+ Kg7 29. Qd7 Bf6 30. Qxb7 c3 31. Rc2 Qd4 32.
Qb1 Qxd5 33. Qa2 Qd1+ 34. Kh2 Be5+ 35. g3 Qf3 36. Rg2 Qd3 37. Qe2 Bxg3+ 38. Kh1 Qxe2 39. Rxe2 Bf4 40. Rc2 Bd2 41. Kg2 Kf6 42. Kf3 Ke5 43. Ke2 Kd4 44. Ra2 Kc5 45. Kd3 f5 46. Ra4 f4 47.
Rc4+ Kb5 48. Rc7 a6 49. Rxh7 Kxa5 50. Rg7 f3 51. Rf7 Kb5 52. Rxf3 a5 53. Rg3 a4 54. Kc2 a3 55. Kb3 a2 56. Rg1 Kc5 57. Ra1 Kd4 58. Rxa2 Ke3 59. Ra4 g5 60. Rg4 Kf3 61. Kc2 Kf2 62. h4 gxh4 63. Rxh4 Kf3 64. Rh1 Kg2 65. Rh8 Kf3 66. Rd8 Ke4 67. Rd7 Ke5 68. Kd3 Ke6 69. Rc7 Kd6 70. Rc8 Kd7 71. Rc4 Kd6 72. Ke4 Ke6 73. Rc6+ Kd7 74. Kd5 Be1 75. Ra6 Bd2 76. Ra7+ Ke8 77. Ke6 Kf8 78. Rc7 Be1 79. Rc6 Bd2 80. Kf6 Ke8 81. Ke6 Kd8 82. Kd6 Bf4+ 83. Ke6 Bd2 84. Kf5 Kd7 85. Rc4 Kd6 86. Ke4 Ke6 87.
Rc8 Kd7 88. Rc5 Kd6 89. Rc4 1/2-1/2